%YAML 1.1
%TAG !u! tag:unity3d.com,2011:
--- !u!1 &102175845415868877
GameObject:
  m_ObjectHideFlags: 0
  m_CorrespondingSourceObject: {fileID: 0}
  m_PrefabInstance: {fileID: 0}
  m_PrefabAsset: {fileID: 0}
  serializedVersion: 6
  m_Component:
  - component: {fileID: 843362496660832702}
  m_Layer: 0
  m_Name: Lampe_01
  m_TagString: Untagged
  m_Icon: {fileID: 0}
  m_NavMeshLayer: 0
  m_StaticEditorFlags: 0
  m_IsActive: 1
--- !u!4 &843362496660832702
Transform:
  m_ObjectHideFlags: 0
  m_CorrespondingSourceObject: {fileID: 0}
  m_PrefabInstance: {fileID: 0}
  m_PrefabAsset: {fileID: 0}
  m_GameObject: {fileID: 102175845415868877}
  m_LocalRotation: {x: -0, y: -0, z: -0, w: 1}
  m_LocalPosition: {x: 0.96099997, y: 2.0029697, z: 1.9009999}
  m_LocalScale: {x: 1, y: 1, z: 1}
  m_Children:
  - {fileID: 6852372631503210248}
  - {fileID: 329944354375857004}
  - {fileID: 1728111769557296744}
  - {fileID: 6560765017863874089}
  m_Father: {fileID: 0}
  m_RootOrder: 0
  m_LocalEulerAnglesHint: {x: 0, y: 0, z: 0}
--- !u!65 &3217510116790373862
BoxCollider:
  m_ObjectHideFlags: 0
  m_CorrespondingSourceObject: {fileID: 0}
  m_PrefabInstance: {fileID: 0}
  m_PrefabAsset: {fileID: 0}
  m_GameObject: {fileID: 1143881358599760342}
  m_Material: {fileID: 0}
  m_IsTrigger: 0
  m_Enabled: 1
  serializedVersion: 2
  m_Size: {x: 0.21050325, y: 0.49891734, z: 0.18833432}
  m_Center: {x: -0.011288994, y: 0.25054133, z: 0.017886218}
--- !u!1 &1728111769557296750
GameObject:
  m_ObjectHideFlags: 0
  m_CorrespondingSourceObject: {fileID: 0}
  m_PrefabInstance: {fileID: 0}
  m_PrefabAsset: {fileID: 0}
  serializedVersion: 6
  m_Component:
  - component: {fileID: 1728111769557296744}
  - component: {fileID: 1728111769557296745}
  m_Layer: 0
  m_Name: Bougie1
  m_TagString: Untagged
  m_Icon: {fileID: 0}
  m_NavMeshLayer: 0
  m_StaticEditorFlags: 0
  m_IsActive: 1
--- !u!4 &1728111769557296744
Transform:
  m_ObjectHideFlags: 0
  m_CorrespondingSourceObject: {fileID: 0}
  m_PrefabInstance: {fileID: 0}
  m_PrefabAsset: {fileID: 0}
  m_GameObject: {fileID: 1728111769557296750}
  m_LocalRotation: {x: -0, y: -0.2574907, z: -0, w: 0.9662808}
  m_LocalPosition: {x: -0.0022001266, y: -0.010777116, z: 0.012185454}
  m_LocalScale: {x: 1, y: 1, z: 1}
  m_Children: []
  m_Father: {fileID: 843362496660832702}
  m_RootOrder: 2
  m_LocalEulerAnglesHint: {x: 0, y: -29.842001, z: 0}
--- !u!108 &1728111769557296745
Light:
  m_ObjectHideFlags: 0
  m_CorrespondingSourceObject: {fileID: 0}
  m_PrefabInstance: {fileID: 0}
  m_PrefabAsset: {fileID: 0}
  m_GameObject: {fileID: 1728111769557296750}
  m_Enabled: 1
  serializedVersion: 10
  m_Type: 2
  m_Shape: 0
  m_Color: {r: 0.754717, g: 0.49776778, b: 0.29547882, a: 1}
  m_Intensity: 0.5
  m_Range: 5
  m_SpotAngle: 30
  m_InnerSpotAngle: 21.80208
  m_CookieSize: 10
  m_Shadows:
    m_Type: 0
    m_Resolution: -1
    m_CustomResolution: -1
    m_Strength: 1
    m_Bias: 0.05
    m_NormalBias: 0.4
    m_NearPlane: 0.2
    m_CullingMatrixOverride:
      e00: 1
      e01: 0
      e02: 0
      e03: 0
      e10: 0
      e11: 1
      e12: 0
      e13: 0
      e20: 0
      e21: 0
      e22: 1
      e23: 0
      e30: 0
      e31: 0
      e32: 0
      e33: 1
    m_UseCullingMatrixOverride: 0
  m_Cookie: {fileID: 0}
  m_DrawHalo: 0
  m_Flare: {fileID: 0}
  m_RenderMode: 0
  m_CullingMask:
    serializedVersion: 2
    m_Bits: 4294967295
  m_RenderingLayerMask: 1
  m_Lightmapping: 4
  m_LightShadowCasterMode: 0
  m_AreaSize: {x: 1, y: 1}
  m_BounceIntensity: 1
  m_ColorTemperature: 6570
  m_UseColorTemperature: 0
  m_BoundingSphereOverride: {x: 0, y: 1.4882e-41, z: 0, w: -1}
  m_UseBoundingSphereOverride: 0
  m_ShadowRadius: 0
  m_ShadowAngle: 0
--- !u!1001 &224770795951002759
PrefabInstance:
  m_ObjectHideFlags: 0
  serializedVersion: 2
  m_Modification:
    m_TransformParent: {fileID: 843362496660832702}
    m_Modifications:
    - target: {fileID: -8679921383154817045, guid: e22fa0ce29c18644a858cddde400638e,
        type: 3}
      propertyPath: m_LocalPosition.x
      value: 0
      objectReference: {fileID: 0}
    - target: {fileID: -8679921383154817045, guid: e22fa0ce29c18644a858cddde400638e,
        type: 3}
      propertyPath: m_LocalPosition.y
      value: -0.29596972
      objectReference: {fileID: 0}
    - target: {fileID: -8679921383154817045, guid: e22fa0ce29c18644a858cddde400638e,
        type: 3}
      propertyPath: m_LocalPosition.z
      value: 0
      objectReference: {fileID: 0}
    - target: {fileID: -8679921383154817045, guid: e22fa0ce29c18644a858cddde400638e,
        type: 3}
      propertyPath: m_LocalRotation.x
      value: -0
      objectReference: {fileID: 0}
    - target: {fileID: -8679921383154817045, guid: e22fa0ce29c18644a858cddde400638e,
        type: 3}
      propertyPath: m_LocalRotation.y
      value: 0.4457916
      objectReference: {fileID: 0}
    - target: {fileID: -8679921383154817045, guid: e22fa0ce29c18644a858cddde400638e,
        type: 3}
      propertyPath: m_LocalRotation.z
      value: -0
      objectReference: {fileID: 0}
    - target: {fileID: -8679921383154817045, guid: e22fa0ce29c18644a858cddde400638e,
        type: 3}
      propertyPath: m_LocalRotation.w
      value: 0.89513683
      objectReference: {fileID: 0}
    - target: {fileID: -8679921383154817045, guid: e22fa0ce29c18644a858cddde400638e,
        type: 3}
      propertyPath: m_RootOrder
      value: 1
      objectReference: {fileID: 0}
    - target: {fileID: -8679921383154817045, guid: e22fa0ce29c18644a858cddde400638e,
        type: 3}
      propertyPath: m_LocalEulerAnglesHint.x
      value: 0
      objectReference: {fileID: 0}
    - target: {fileID: -8679921383154817045, guid: e22fa0ce29c18644a858cddde400638e,
        type: 3}
      propertyPath: m_LocalEulerAnglesHint.y
      value: 52.948
      objectReference: {fileID: 0}
    - target: {fileID: -8679921383154817045, guid: e22fa0ce29c18644a858cddde400638e,
        type: 3}
      propertyPath: m_LocalEulerAnglesHint.z
      value: 0
      objectReference: {fileID: 0}
    - target: {fileID: -7511558181221131132, guid: e22fa0ce29c18644a858cddde400638e,
        type: 3}
      propertyPath: m_Materials.Array.data[0]
      value: 
      objectReference: {fileID: 2100000, guid: 669fb79d733db9d42a81b46eb9f93ad8, type: 2}
    - target: {fileID: -7511558181221131132, guid: e22fa0ce29c18644a858cddde400638e,
        type: 3}
      propertyPath: m_DynamicOccludee
      value: 1
      objectReference: {fileID: 0}
    - target: {fileID: -7511558181221131132, guid: e22fa0ce29c18644a858cddde400638e,
        type: 3}
      propertyPath: m_RenderingLayerMask
      value: 1
      objectReference: {fileID: 0}
    - target: {fileID: -7511558181221131132, guid: e22fa0ce29c18644a858cddde400638e,
        type: 3}
      propertyPath: m_CastShadows
      value: 1
      objectReference: {fileID: 0}
    - target: {fileID: -5528772196976946241, guid: e22fa0ce29c18644a858cddde400638e,
        type: 3}
      propertyPath: m_StaticEditorFlags
      value: 4294967295
      objectReference: {fileID: 0}
    - target: {fileID: -5525380005753893801, guid: e22fa0ce29c18644a858cddde400638e,
        type: 3}
      propertyPath: m_StaticEditorFlags
      value: 4294967295
      objectReference: {fileID: 0}
    - target: {fileID: -173791915845007952, guid: e22fa0ce29c18644a858cddde400638e,
        type: 3}
      propertyPath: m_StaticEditorFlags
      value: 4294967295
      objectReference: {fileID: 0}
    - target: {fileID: 765973117353897241, guid: e22fa0ce29c18644a858cddde400638e,
        type: 3}
      propertyPath: m_Materials.Array.data[0]
      value: 
      objectReference: {fileID: 2100000, guid: 669fb79d733db9d42a81b46eb9f93ad8, type: 2}
    - target: {fileID: 919132149155446097, guid: e22fa0ce29c18644a858cddde400638e,
        type: 3}
      propertyPath: m_Name
      value: Lampe_01
      objectReference: {fileID: 0}
    - target: {fileID: 919132149155446097, guid: e22fa0ce29c18644a858cddde400638e,
        type: 3}
      propertyPath: m_StaticEditorFlags
      value: 4294967295
      objectReference: {fileID: 0}
    - target: {fileID: 6817525768325457979, guid: e22fa0ce29c18644a858cddde400638e,
        type: 3}
      propertyPath: m_Materials.Array.data[0]
      value: 
      objectReference: {fileID: 2100000, guid: f3a3772d62e43164b865738930c48c0a, type: 2}
    m_RemovedComponents: []
  m_SourcePrefab: {fileID: 100100000, guid: e22fa0ce29c18644a858cddde400638e, type: 3}
--- !u!1 &1143881358599760342 stripped
GameObject:
  m_CorrespondingSourceObject: {fileID: 919132149155446097, guid: e22fa0ce29c18644a858cddde400638e,
    type: 3}
  m_PrefabInstance: {fileID: 224770795951002759}
  m_PrefabAsset: {fileID: 0}
--- !u!4 &329944354375857004 stripped
Transform:
  m_CorrespondingSourceObject: {fileID: -8679921383154817045, guid: e22fa0ce29c18644a858cddde400638e,
    type: 3}
  m_PrefabInstance: {fileID: 224770795951002759}
  m_PrefabAsset: {fileID: 0}
--- !u!1001 &6382231684953596131
PrefabInstance:
  m_ObjectHideFlags: 0
  serializedVersion: 2
  m_Modification:
    m_TransformParent: {fileID: 843362496660832702}
    m_Modifications:
    - target: {fileID: -8679921383154817045, guid: 7f0cbabb3ef7a3548a85b5d82ad7a623,
        type: 3}
      propertyPath: m_LocalPosition.x
      value: -0.0009999275
      objectReference: {fileID: 0}
    - target: {fileID: -8679921383154817045, guid: 7f0cbabb3ef7a3548a85b5d82ad7a623,
        type: 3}
      propertyPath: m_LocalPosition.y
      value: -0.2590698
      objectReference: {fileID: 0}
    - target: {fileID: -8679921383154817045, guid: 7f0cbabb3ef7a3548a85b5d82ad7a623,
        type: 3}
      propertyPath: m_LocalPosition.z
      value: 0.0013000965
      objectReference: {fileID: 0}
    - target: {fileID: -8679921383154817045, guid: 7f0cbabb3ef7a3548a85b5d82ad7a623,
        type: 3}
      propertyPath: m_LocalRotation.x
      value: -0
      objectReference: {fileID: 0}
    - target: {fileID: -8679921383154817045, guid: 7f0cbabb3ef7a3548a85b5d82ad7a623,
        type: 3}
      propertyPath: m_LocalRotation.y
      value: -0
      objectReference: {fileID: 0}
    - target: {fileID: -8679921383154817045, guid: 7f0cbabb3ef7a3548a85b5d82ad7a623,
        type: 3}
      propertyPath: m_LocalRotation.z
      value: -0
      objectReference: {fileID: 0}
    - target: {fileID: -8679921383154817045, guid: 7f0cbabb3ef7a3548a85b5d82ad7a623,
        type: 3}
      propertyPath: m_LocalRotation.w
      value: 1
      objectReference: {fileID: 0}
    - target: {fileID: -8679921383154817045, guid: 7f0cbabb3ef7a3548a85b5d82ad7a623,
        type: 3}
      propertyPath: m_RootOrder
      value: 0
      objectReference: {fileID: 0}
    - target: {fileID: -8679921383154817045, guid: 7f0cbabb3ef7a3548a85b5d82ad7a623,
        type: 3}
      propertyPath: m_LocalEulerAnglesHint.x
      value: 0
      objectReference: {fileID: 0}
    - target: {fileID: -8679921383154817045, guid: 7f0cbabb3ef7a3548a85b5d82ad7a623,
        type: 3}
      propertyPath: m_LocalEulerAnglesHint.y
      value: 0
      objectReference: {fileID: 0}
    - target: {fileID: -8679921383154817045, guid: 7f0cbabb3ef7a3548a85b5d82ad7a623,
        type: 3}
      propertyPath: m_LocalEulerAnglesHint.z
      value: 0
      objectReference: {fileID: 0}
    - target: {fileID: -8679921383154817045, guid: 7f0cbabb3ef7a3548a85b5d82ad7a623,
        type: 3}
      propertyPath: m_LocalScale.x
      value: 0.7676017
      objectReference: {fileID: 0}
    - target: {fileID: -8679921383154817045, guid: 7f0cbabb3ef7a3548a85b5d82ad7a623,
        type: 3}
      propertyPath: m_LocalScale.y
      value: 0.7676017
      objectReference: {fileID: 0}
    - target: {fileID: -8679921383154817045, guid: 7f0cbabb3ef7a3548a85b5d82ad7a623,
        type: 3}
      propertyPath: m_LocalScale.z
      value: 0.7676017
      objectReference: {fileID: 0}
    - target: {fileID: 919132149155446097, guid: 7f0cbabb3ef7a3548a85b5d82ad7a623,
        type: 3}
      propertyPath: m_Name
      value: Bougie_04
      objectReference: {fileID: 0}
    - target: {fileID: 919132149155446097, guid: 7f0cbabb3ef7a3548a85b5d82ad7a623,
        type: 3}
      propertyPath: m_StaticEditorFlags
      value: 4294967295
      objectReference: {fileID: 0}
    m_RemovedComponents: []
  m_SourcePrefab: {fileID: 100100000, guid: 7f0cbabb3ef7a3548a85b5d82ad7a623, type: 3}
--- !u!4 &6852372631503210248 stripped
Transform:
  m_CorrespondingSourceObject: {fileID: -8679921383154817045, guid: 7f0cbabb3ef7a3548a85b5d82ad7a623,
    type: 3}
  m_PrefabInstance: {fileID: 6382231684953596131}
  m_PrefabAsset: {fileID: 0}
--- !u!1001 &9097885385054458198
PrefabInstance:
  m_ObjectHideFlags: 0
  serializedVersion: 2
  m_Modification:
    m_TransformParent: {fileID: 843362496660832702}
    m_Modifications:
    - target: {fileID: 2688274645101475704, guid: 09d9bd7b6d67037428923fa5b5ca8c30,
        type: 3}
      propertyPath: m_Name
      value: FIRE (3)
      objectReference: {fileID: 0}
    - target: {fileID: 2688274645101475710, guid: 09d9bd7b6d67037428923fa5b5ca8c30,
        type: 3}
      propertyPath: LightsModule.light
      value: 
      objectReference: {fileID: 1728111769557296745}
    - target: {fileID: 2688274645101475711, guid: 09d9bd7b6d67037428923fa5b5ca8c30,
        type: 3}
      propertyPath: m_LocalPosition.x
      value: 0.0029997826
      objectReference: {fileID: 0}
    - target: {fileID: 2688274645101475711, guid: 09d9bd7b6d67037428923fa5b5ca8c30,
        type: 3}
      propertyPath: m_LocalPosition.y
      value: -0.07987714
      objectReference: {fileID: 0}
    - target: {fileID: 2688274645101475711, guid: 09d9bd7b6d67037428923fa5b5ca8c30,
        type: 3}
      propertyPath: m_LocalPosition.z
      value: 0.019685388
      objectReference: {fileID: 0}
    - target: {fileID: 2688274645101475711, guid: 09d9bd7b6d67037428923fa5b5ca8c30,
        type: 3}
      propertyPath: m_LocalRotation.x
      value: -0.7071068
      objectReference: {fileID: 0}
    - target: {fileID: 2688274645101475711, guid: 09d9bd7b6d67037428923fa5b5ca8c30,
        type: 3}
      propertyPath: m_LocalRotation.y
      value: -0
      objectReference: {fileID: 0}
    - target: {fileID: 2688274645101475711, guid: 09d9bd7b6d67037428923fa5b5ca8c30,
        type: 3}
      propertyPath: m_LocalRotation.z
      value: -0
      objectReference: {fileID: 0}
    - target: {fileID: 2688274645101475711, guid: 09d9bd7b6d67037428923fa5b5ca8c30,
        type: 3}
      propertyPath: m_LocalRotation.w
      value: 0.7071068
      objectReference: {fileID: 0}
    - target: {fileID: 2688274645101475711, guid: 09d9bd7b6d67037428923fa5b5ca8c30,
        type: 3}
      propertyPath: m_RootOrder
      value: 3
      objectReference: {fileID: 0}
    - target: {fileID: 2688274645101475711, guid: 09d9bd7b6d67037428923fa5b5ca8c30,
        type: 3}
      propertyPath: m_LocalEulerAnglesHint.x
      value: -90
      objectReference: {fileID: 0}
    - target: {fileID: 2688274645101475711, guid: 09d9bd7b6d67037428923fa5b5ca8c30,
        type: 3}
      propertyPath: m_LocalEulerAnglesHint.y
      value: 0
      objectReference: {fileID: 0}
    - target: {fileID: 2688274645101475711, guid: 09d9bd7b6d67037428923fa5b5ca8c30,
        type: 3}
      propertyPath: m_LocalEulerAnglesHint.z
      value: 0
      objectReference: {fileID: 0}
    - target: {fileID: 2688274645101475711, guid: 09d9bd7b6d67037428923fa5b5ca8c30,
        type: 3}
      propertyPath: m_LocalScale.y
      value: 0.08682976
      objectReference: {fileID: 0}
    - target: {fileID: 2688274645101475711, guid: 09d9bd7b6d67037428923fa5b5ca8c30,
        type: 3}
      propertyPath: m_LocalScale.z
      value: 0.012250612
      objectReference: {fileID: 0}
    m_RemovedComponents: []
  m_SourcePrefab: {fileID: 100100000, guid: 09d9bd7b6d67037428923fa5b5ca8c30, type: 3}
--- !u!4 &6560765017863874089 stripped
Transform:
  m_CorrespondingSourceObject: {fileID: 2688274645101475711, guid: 09d9bd7b6d67037428923fa5b5ca8c30,
    type: 3}
  m_PrefabInstance: {fileID: 9097885385054458198}
  m_PrefabAsset: {fileID: 0}
